Map: Neon Violet Square LE

Players

sOs - Winner!

  • Race: Protoss Protoss
  • Spawn Location: 11:00

SpeCial

  • Race: Terran Terran
  • Spawn Location: 5:00

Event: IEM Season 12 - PyeongChang

VOD

Have the link to the VOD?

Description

Time

  • Played on: Feb. 6, 2018, 10:28 p.m.
  • Length: 14:29

All games in this series

Show
View Real Time Build Order
Export as new Build Order

sOs Protoss - Winner!

Build Orders: 1 Gate Expand 

Get SALT Encoding   

  12  0:00  Probe  
  13  0:12  Probe  
  14  0:19  Pylon  
  14  0:24  Probe  
  15  0:37  Probe (Chrono Boost)  
  15  0:39  Gateway  
  16  0:47  Probe (Chrono Boost)  
  17  0:50  Assimilator  
  17  0:52  Probe (Chrono Boost)  
  18  1:03  Probe  
  19  1:18  Probe  
  20  1:28  Nexus  
  20  1:37  Cybernetics Core  
  20  1:41  Probe  
  21  1:47  Assimilator  
  21  1:53  Probe  
  22  1:56  Pylon  
  22  2:05  Probe  
  23  2:13  Adept (Chrono Boost)  
  23  2:14  Warp Gate  
  25  2:17  Probe  
  26  2:29  Probe  
  27  2:31  Zealot  
  29  2:39  Robotics Facility  
  29  2:40  Probe (Chrono Boost)  
  29  2:43  Probe (Chrono Boost)  
  31  2:52  Probe (Chrono Boost)  
  31  2:55  Probe (Chrono Boost)  
  33  3:01  Probe x2 (Chrono Boost)  
  35  3:06  Probe  
  36  3:13  Gateway  
  36  3:15  Gateway  
  36  3:17  Probe  
  36  3:19  Probe  
  38  3:26  Warp Prism (Chrono Boost)  
  40  3:30  Stalker  
  42  3:34  Probe  
  42  3:35  Probe  
  44  3:41  Pylon  
  44  3:47  Probe x2  
  46  3:51  Twilight Council  
  46  3:57  Pylon  
  46  3:58  Observer (Chrono Boost)  
  47  4:05  Probe x2  
  49  4:15  Pylon  
  49  4:17  Probe x2  
  49  4:18  Observer  
  49  4:22  Stalker x3  
  58  4:24  Assimilator  
  58  4:30  Dark Shrine, Probe x2  
  60  4:37  Assimilator  
  60  4:42  Probe x2  
  62  4:54  Probe x2  
  64  5:07  Nexus  
  64  5:16  Probe x2  
  64  5:20  Observer  
  66  5:22  Charge (Chrono Boost), Pylon  
  66  5:24  Pylon  
  66  5:26  Forge  
  66  5:30  Probe x2  
  68  5:42  Probe  
  69  5:43  Probe  
  69  5:44  Gateway  
  70  5:51  Dark Templar x2  
  70  5:53  Dark Templar  
  76  5:57  Pylon  
  76  5:59  Immortal  
  76  6:03  Probe x2  
  76  6:04  Protoss Ground Weapons Level 1 (Chrono Boost)  
  82  6:06  Pylon  
  82  6:16  Probe  
  82  6:17  Probe  
  82  6:29  Immortal, Probe x2, Gateway  
  82  6:32  Gateway  
  82  6:33  Gateway  
  82  6:38  Gateway  
  86  6:42  Sentry  
  86  6:43  Zealot x2  
  86  6:44  Probe x2  
  86  6:45  Probe  
  95  6:52  Photon Cannon, Blink (Chrono Boost)  
  95  6:53  Pylon  
  95  6:56  Sentry  
  95  7:00  Probe x2  
  95  7:01  Probe  
  100  7:09  Immortal (Chrono Boost)  
  100  7:12  Photon Cannon  
  100  7:14  Photon Cannon  
  104  7:16  Assimilator  
  104  7:18  Robotics Bay  
  104  7:20  Forge, Assimilator  
  104  7:32  Zealot x7  
  104  7:33  Protoss Ground Weapons Level 2 (Chrono Boost)  
  104  7:35  Observer  
  118  7:39  Protoss Ground Armor Level 1 (Chrono Boost)  
  118  7:46  Probe  
  118  7:47  Probe  
  120  7:51  Pylon  
  120  7:53  Pylon  
  120  7:57  Nexus  
  120  8:00  Stalker x2  
  123  8:06  Probe  
  123  8:09  Colossus (Chrono Boost)  
  127  8:30  Phoenix  
  115  8:38  Zealot x7  
  115  8:39  Zealot  
  127  8:50  Colossus (Chrono Boost), Extended Thermal Lance  
  127  8:51  Probe  
  132  9:05  Stalker x4  
  132  9:07  Probe  
  132  9:08  Templar Archives  
  132  9:09  Pylon  
  141  9:14  Stalker x2  
  145  9:20  Pylon  
  145  9:22  Probe  
  146  9:26  Colossus (Chrono Boost)  
  146  9:30  Pylon  
  146  9:31  Protoss Ground Armor Level 2 (Chrono Boost)  
  152  9:38  Protoss Ground Weapons Level 3 (Chrono Boost)  
  152  9:48  High Templar x2  
  152  9:49  Zealot x6  
  168  9:56  Archon  
  168  9:57  Probe  
  169  10:04  Photon Cannon  
  169  10:05  Shield Battery  
  167  10:07  Pylon  
  167  10:10  Warp Prism (Chrono Boost)  
  169  10:19  Pylon  
  167  10:27  Gateway  
  167  10:29  Assimilator, Gateway  
  167  10:30  Assimilator  
  167  10:32  High Templar x2  
  167  10:33  High Templar x2, Zealot x3  
  167  10:34  Zealot  
  183  10:36  Gateway  
  183  10:39  Gateway  
  183  10:44  Archon  
  183  10:46  Immortal  
  183  10:49  Archon  
  187  10:53  Robotics Facility  
  187  10:54  Robotics Facility  
  187  11:04  Stalker x3  
  187  11:05  Stalker  
  191  11:13  Nexus  
  191  11:15  Stalker x2  
  195  11:19  Observer  
  192  11:31  Stalker x3  
  188  11:35  Stalker x3  
  188  11:37  Probe  
  188  12:10  Probe  
  188  12:12  Pylon  
  189  12:20  Pylon  
  189  12:22  Pylon, Photon Cannon  
  189  12:24  Warp Prism  
  183  12:36  Zealot x3  
  187  12:37  Zealot  
  187  12:38  High Templar  
  187  12:39  High Templar  
  187  12:40  Probe x2  
  187  12:41  Stalker x3  
  197  12:49  Zealot x2  
  197  13:03  Immortal (Chrono Boost)  
  197  13:05  Archon  
  199  13:16  Immortal (Chrono Boost)  
  199  13:19  Immortal (Chrono Boost)  
  197  13:26  Stargate  
  181  13:27  Stargate  
  175  13:38  Photon Cannon  
  177  13:42  Immortal (Chrono Boost)  
  177  13:43  Immortal (Chrono Boost)  
  179  13:58  High Templar x5  
  179  13:59  High Templar x5  
  179  14:02  Archon x2  
  199  14:03  Archon x2  
  199  14:05  Archon  
  199  14:20  Zealot x2  
Show
View Real Time Build Order
Export as new Build Order

SpeCial Terran 

Build Orders: Reaper Expand, Bio Tank 

Get SALT Encoding   

  12  0:00  SCV  
  13  0:12  SCV  
  14  0:17  Supply Depot  
  14  0:24  SCV  
  15  0:39  SCV  
  15  0:40  Barracks  
  16  0:44  Refinery  
  16  0:51  SCV  
  17  1:03  SCV  
  18  1:15  SCV  
  18  1:28  Orbital Command, Reaper  
  19  1:47  Command Center  
  19  1:54  SCV  
  20  2:00  Marine  
  21  2:04  Supply Depot  
  21  2:07  SCV  
  22  2:16  Factory  
  22  2:20  SCV  
  23  2:23  Barracks Reactor  
  23  2:29  Engineering Bay  
  23  2:32  SCV  
  24  2:44  SCV  
  23  2:56  SCV  
  24  2:59  Marine  
  24  3:00  Marine  
  24  3:01  Hellion  
  24  3:02  Orbital Command  
  28  3:08  Starport  
  28  3:09  SCV  
  29  3:19  Marine x2  
  31  3:21  SCV  
  31  3:26  Widow Mine  
  34  3:29  SCV  
  34  3:34  SCV  
  36  3:40  Supply Depot  
  36  3:41  SCV, Marine x2  
  36  3:43  Refinery  
  36  3:44  Viking  
  43  3:48  Widow Mine  
  43  3:50  SCV  
  43  3:53  SCV  
  45  3:59  Marine  
  45  4:02  Marine  
  47  4:03  SCV  
  47  4:05  SCV  
  49  4:14  Bunker  
  49  4:16  Starport Tech Lab  
  49  4:17  Command Center  
  49  4:18  Factory Tech Lab  
  49  4:19  SCV x2  
  51  4:26  Refinery  
  51  4:27  Marine x2  
  53  4:33  SCV  
  54  4:39  Supply Depot  
  54  4:55  SCV x2, Siege Tank  
  54  4:59  Marine x2  
  61  5:03  Raven  
  61  5:04  Supply Depot  
  61  5:07  SCV x2  
  63  5:16  Marine  
  63  5:19  SCV x2  
  63  5:21  Marine  
  64  5:27  Siege Tank  
  67  5:31  SCV x2  
  67  5:34  Marine  
  68  5:37  SCV  
  68  5:43  SCV x2, Marine  
  72  5:52  Marine  
  72  5:54  Barracks x2, Engineering Bay  
  72  5:55  SCV x2, Orbital Command  
  72  5:56  Refinery  
  74  6:01  Marine  
  75  6:08  SCV  
  75  6:10  SCV, Marine  
  75  6:20  SCV  
  68  6:29  Liberator  
  68  6:31  SCV x2, Terran Infantry Weapons Level 1  
  66  6:34  Marine x2  
  66  6:38  SCV  
  66  6:45  Stimpack, Marine  
  70  6:48  SCV x2  
  70  6:50  SCV  
  73  6:54  Factory Reactor  
  73  6:55  Marine x2  
  73  7:00  SCV x2  
  77  7:02  SCV, Missile Turret  
  77  7:08  Marauder x2  
  82  7:12  SCV  
  82  7:14  SCV  
  82  7:15  SCV  
  85  7:16  Refinery  
  85  7:17  Refinery  
  85  7:25  SCV, Marine x2  
  88  7:35  SCV x2  
  90  7:38  SCV  
  90  7:41  Supply Depot  
  90  7:42  Marauder  
  93  7:47  Supply Depot x2, Medivac x2, Marine x2, Marauder  
  101  7:56  Supply Depot  
  101  7:58  Factory Tech Lab  
  101  8:00  SCV  
  101  8:02  SCV x2  
  103  8:11  Combat Shields  
  103  8:12  SCV  
  101  8:14  Barracks, SCV x2  
  101  8:17  Supply Depot x2, Engineering Bay  
  101  8:18  Barracks  
  101  8:19  Armory, Marine x2  
  105  8:21  Marauder  
  105  8:22  Marauder  
  105  8:24  SCV  
  105  8:26  SCV  
  110  8:27  Medivac  
  104  8:45  SCV x2  
  104  8:46  Marine x2, Marauder  
  104  8:47  Medivac, Marauder  
  110  8:55  Siege Tank  
  110  8:58  SCV x2  
  116  9:02  SCV  
  116  9:04  Barracks Tech Lab  
  116  9:06  Barracks Reactor  
  116  9:10  SCV x2  
  116  9:16  Factory  
  118  9:19  Factory, Marine x4  
  118  9:21  SCV  
  118  9:22  SCV x2  
  125  9:25  Terran Infantry Weapons Level 2  
  125  9:28  Terran Infantry Armor Level 1  
  125  9:31  Terran Ship Weapons Level 1  
  125  9:33  Siege Tank  
  128  9:38  Marine  
  128  9:39  Marine x4  
  128  9:43  Supply Depot  
  128  9:45  Supply Depot, Liberator  
  131  9:47  Liberator  
  131  9:52  Missile Turret  
  131  9:54  Marine x2  
  131  9:56  Marine  
  131  9:57  Marauder x2  
  137  10:06  Factory Tech Lab x2  
  143  10:07  Siege Tank  
  146  10:17  SCV x2  
  146  10:18  SCV  
  146  10:20  Marine x2  
  146  10:21  Marine, Marauder x2  
  153  10:22  Marine  
  153  10:27  Siege Tank, Ghost Academy  
  157  10:36  Supply Depot  
  157  10:39  Supply Depot  
  157  10:40  Supply Depot  
  157  10:42  Siege Tank  
  160  10:47  Siege Tank  
  163  10:59  Siege Tank  
  163  11:01  Supply Depot  
  166  11:09  Marine x2  
  166  11:10  Marine x2  
  166  11:11  Marauder x2  
  171  11:12  Marauder  
  171  11:13  Medivac  
  171  11:14  Siege Tank  
  178  11:19  Widow Mine, Medivac  
  180  11:32  Ghost x3  
  179  11:33  Marine x2  
  179  11:36  Marine  
  179  11:39  Siege Tank  
  187  11:43  Siege Tank  
  190  11:48  Supply Depot  
  190  11:50  Marine  
  190  12:01  Missile Turret, Marauder  
  192  12:03  Marine, Marauder  
  192  12:06  Medivac x2  
  197  12:10  Marauder  
  199  12:20  Marine  
  200  12:32  Ghost x2  
  200  12:40  Command Center  
  200  12:49  Marine x2, Marauder  
  196  12:51  Marine  
  194  12:58  Marine  
  194  13:01  Marine, Marauder  
  183  13:07  Marine  
  183  13:11  Marauder  
  184  13:19  Marauder  
  176  13:23  Siege Tank x2  
  176  13:28  Marauder  
  176  13:33  Ghost, Marine  

Tags
 
Add a new tag
Caveats
  • Supply blocks, unpowered buildings, or Contaminate may cause inaccurate times.
  • Supply counts are checked every 10 seconds.